[Event "Veteran-SM 65+ 2025"]
[Site "Uppsala, Sweden"]
[Date "2025.06.28"]
[Round "1.1"]
[White "Johansson, Jan"]
[Black "Olsson, Torgny"]
[Result "1-0"]
[TimeControl "90 min for 40 move + 30 min with an increment of 30 sec starting move 1"]
[WhiteTitle "IM"]
[WhiteFideId "1700103"]
[BlackFideId "1717340"]
[WhiteElo "2258"]
[BlackElo "1907"]

1. d4 Nf6 2. Nf3 d5 3. c4 c6 4. Nc3 e6 5. Bg5 Be7 6. e3 Nbd7 7. Qc2 h6 8. Bh4 b6 9. cxd5 cxd5 10.
Bb5 a6 11. Bd3 O-O 12. O-O Bb7 13. Rac1 Rc8 14. a4 Re8 15. Qe2 Ra8 16. Na2 Bd6 17. Rc2 Rc8 18. Rfc1 Rxc2 19. Rxc2 Qa8 20.
Bg3 Bxg3 21. hxg3 Rc8 22. Nb4 Rxc2 23. Qxc2 a5 24. Na2 Ba6 25. Ne1 Bxd3 26. Nxd3 Qb8 27. Qc6 Qd8 28. Nc3 Qb8 29.
Nb5 Qd8 30. Na7 Nb8 31. Qb7 Nfd7 32. Nc8 Kh7 33. b3 Kg8 34. Ne5 Kf8 35. Nxb6 Nxe5 36. dxe5 g6 37. Qxb8 1-0

[Event "Veteran-SM 65+ 2025"]
[Site "Uppsala, Sweden"]
[Date "2025.06.28"]
[Round "1.2"]
[White "Andersson, Sven-Olof"]
[Black "Marttala, Thomas"]
[Result "0-1"]
[TimeControl "90 min for 40 move + 30 min with an increment of 30 sec starting move 1"]
[WhiteFideId "1706926"]
[BlackFideId "1701118"]
[WhiteElo "1895"]
[BlackElo "2123"]

1. d4 Nf6 2. Nf3 d5 3. g3 g6 4. Bg2 Bg7 5. O-O O-O 6. b3 c5 7. e3 Nc6 8. Bb2 cxd4 9. exd4 Bf5 10.
Nh4 Bg4 11. Bf3 Bxf3 12. Nxf3 Rc8 13. Ne5 Ne4 14. f3 Nd6 15. Nd2 Nf5 16. Nxc6 Rxc6 17. c3 Ne3 18. Qe2 Nxf1 19. Rxf1 Qc7 20.
f4 Rxc3 21. Bxc3 Qxc3 22. Nf3 Bxd4+ 23. Kg2 Bf6 24. Rd1 Rd8 25. Rd3 Qc5 26. g4 e6 27. g5 Bg7 28. h4 Rc8 29. Rd2 a6 30.
h5 gxh5 31. Ne1 Qb4 32. Nd3 Qe4+ 33. Qxe4 dxe4 34. Ne1 Bc3 35. Re2 Bxe1 36. Rxe1 Rc2+ 37. Kg3 Kg7 38. Rxe4 Rxa2 39. Rb4 b5 40.
Rd4 Ra3 41. Rd3 a5 42. Kh4 a4 43. Kxh5 Rxb3 0-1

[Event "Veteran-SM 65+ 2025"]
[Site "Uppsala, Sweden"]
[Date "2025.06.28"]
[Round "1.3"]
[White "Malmdin, Nils-Ake"]
[Black "Lundquist, Leif"]
[Result "1-0"]
[TimeControl "90 min for 40 move + 30 min with an increment of 30 sec starting move 1"]
[WhiteTitle "FM"]
[WhiteFideId "1701584"]
[BlackFideId "1710990"]
[WhiteElo "2103"]
[BlackElo "1890"]

1. e4 c5 2. Nc3 Nc6 3. f4 g6 4. Nf3 Bg7 5. Bb5 Nd4 6. a4 a6 7. Bc4 e6 8. O-O Ne7 9. d3 O-O 10.
Kh1 d5 11. Ba2 b5 12. f5 b4 13. Nxd4 Bxd4 14. Ne2 dxe4 15. dxe4 exf5 16. Bg5 Qc7 17. Nxd4 cxd4 18. Qxd4 Nc6 19.
Qf6 Nd8 20. Bh6 Ne6 21. exf5 Qd8 22. fxe6 Qxf6 23. Rxf6 Bxe6 24. Bxe6 1-0

[Event "Veteran-SM 65+ 2025"]
[Site "Uppsala, Sweden"]
[Date "2025.06.28"]
[Round "1.4"]
[White "Salholm, Soren"]
[Black "Sigeman, Johan"]
[Result "0-1"]
[TimeControl "90 min for 40 move + 30 min with an increment of 30 sec starting move 1"]
[WhiteFideId "1722824"]
[BlackFideId "1705601"]
[WhiteElo "1887"]
[BlackElo "2012"]

1. d4 Nf6 2. Nf3 e6 3. g3 d5 4. Bg2 Be7 5. O-O O-O 6. Ne5 Nbd7 7. f4 c5 8. c3 Qb6 9. e3 Qc7 10.
a4 b6 11. Nd2 Bb7 12. Nxd7 Qxd7 13. a5 b5 14. g4 cxd4 15. exd4 b4 16. g5 Ne4 17. Nxe4 dxe4 18. Re1 Rac8 19.
Bd2 f5 20. Re3 Rfd8 21. Rh3 g6 22. Qe1 bxc3 23. bxc3 Ba6 24. Rg3 Rb8 25. h4 Rb2 26. h5 Bf8 27. Rc1 Bc4 28. hxg6 hxg6 29.
Rh3 Bg7 30. Kh2 Qc7 31. Be3 Re2 32. Qg1 Rb8 33. Kh1 Rbb2 34. Bf1 Rec2 35. d5 Bxd5 36. Rxc2 Rxc2 37. Bd4 e3+ 0-1

[Event "Veteran-SM 65+ 2025"]
[Site "Uppsala, Sweden"]
[Date "2025.06.28"]
[Round "1.6"]
[White "Nylund, Seved"]
[Black "Carlsson, Ingvar"]
[Result "1/2-1/2"]
[TimeControl "90 min for 40 move + 30 min with an increment of 30 sec starting move 1"]
[WhiteFideId "1717260"]
[BlackFideId "1702670"]
[WhiteElo "1879"]
[BlackElo "1987"]

1. e4 c5 2. a3 e6 3. b4 cxb4 4. axb4 Bxb4 5. c3 Be7 6. d4 d5 7. e5 Nc6 8. Qg4 g6 9. h4 h5 10.
Qg3 Nh6 11. Bd3 Bd7 12. Ne2 Na5 13. Nd2 Rc8 14. Ba3 b6 15. Bxe7 Qxe7 16. O-O Rc7 17. f3 Bc8 18. Rfb1 Rg8 19.
Qg5 Qxg5 20. hxg5 Nf5 21. Bxf5 gxf5 22. f4 Ke7 23. Ra3 Ba6 24. Ng3 Rh8 25. Kf2 h4 26. Ngf1 h3 27. gxh3 Rxh3 28.
Nf3 Bd3 29. Rba1 Bxf1 30. Rxf1 Nc4 31. Raa1 Rxf3+ 32. Kxf3 Nd2+ 33. Ke2 Nxf1 34. Kxf1 a5 35. Ra3 Kd7 36. Ke2 Kc6 37. Kd3 Rc8 38.
Ra1 Rh8 39. Rg1 Rh3+ 40. Kc2 a4 41. g6 fxg6 42. Rxg6 Rh2+ 43. Kb1 Kd7 44. Rg7+ Kc6 45. Rg6 Kd7 1/2-1/2

[Event "Veteran-SM 65+ 2025"]
[Site "Uppsala, Sweden"]
[Date "2025.06.28"]
[Round "1.7"]
[White "Hogberg, Thomas"]
[Black "Algars, Olle"]
[Result "1/2-1/2"]
[TimeControl "90 min for 40 move + 30 min with an increment of 30 sec starting move 1"]
[WhiteFideId "1706039"]
[BlackFideId "1702513"]
[WhiteElo "1979"]
[BlackElo "1870"]

1. d4 Nf6 2. Nf3 d5 3. Bf4 e6 4. e3 c5 5. c3 Nc6 6. Bd3 Bd7 7. Nbd2 Rc8 8. Ne5 cxd4 9. exd4 g6 10.
h3 Nh5 11. Bh2 Bh6 12. Qf3 Nxe5 13. Bxe5 O-O 14. g4 Qg5 15. Nf1 Nf4 16. Bc2 f5 17. Rg1 Bb5 18. h4 Qxh4 19. Bxf4 fxg4 20.
Rxg4 Qf6 21. Qg2 Bxf4 22. Bxg6 Kh8 23. Bc2 Rc7 24. Ng3 Rg7 25. Rxg7 Qxg7 26. Rd1 Bxg3 27. Qxg3 Qxg3 28. fxg3 Rf3 29.
Kd2 Kg7 30. Rh1 Rf2+ 31. Kc1 Rf1+ 32. Rxf1 Bxf1 33. Kd2 h5 34. Ke3 Kf6 35. Kf4 Be2 36.
Ba4 b6 1/2-1/2

[Event "Veteran-SM 65+ 2025"]
[Site "Uppsala, Sweden"]
[Date "2025.06.28"]
[Round "1.8"]
[White "Ranby, Hans"]
[Black "Dolata, Henryk"]
[Result "1-0"]
[TimeControl "90 min for 40 move + 30 min with an increment of 30 sec starting move 1"]
[WhiteFideId "1710311"]
[BlackFideId "1709046"]
[WhiteElo "1868"]
[BlackElo "1958"]

1. Nf3 Nf6 2. e3 e6 3. c4 b6 4. b3 Bb7 5. Bb2 Be7 6. Be2 O-O 7. O-O d5 8. Nc3 c5 9. d4 Nbd7 10. Bd3 Rc8 11. Rc1 Qc7 12. Qe2 Qb8 13. e4 cxd4 14. Nxd4 Nc5 15. exd5 Nxd3 16. Qxd3 exd5 17.
Nf5 Bc5 18. Nxd5 Nxd5 19. cxd5 f6 20. d6 Rcd8 21. Qg3 g6 22. Rcd1 Be4 23. Nh6+ Kg7 24. Ng4 Bxd6 25.
Qe3 Bc2 26. Qh6+ Kg8 27. Nxf6+ Rxf6 28. Bxf6 Rd7 29. Ra1 Rf7 30. Bb2 Bf5 31. Qd2 Bxh2+ 32. Kh1 Be5 33. Bxe5 Qxe5 34. Rfe1 Qf6 35. Rad1 Qc6 36. Qd5 Qxd5 37.
Rxd5 Rc7 38. Rde5 Kf8 39. Kg1 Kf7 40.
Re8 h5 41. R1e2 Bd3 42. R2e3 Bf5 43. f3 Rd7 44. Kf2 Bb1 45. a3 Bf5 46. Ra8 a5 47. Rb8 Rd6 48. Rc3 Be6 49. Rc7+ Kf6 50.
Rcb7 Rd2+ 51. Kf1 Kg5 52.
Rxb6 Bf5 53. b4 h4 54. bxa5 Kf4 55. a6 Ra2 56. a7 Ra1+ 57. Ke2 Ra2+ 58. Rb2 1-0

[Event "Veteran-SM 65+ 2025"]
[Site "Uppsala, Sweden"]
[Date "2025.06.29"]
[Round "2.1"]
[White "Magnussen, Pal"]
[Black "Johansson, Jan"]
[Result "1/2-1/2"]
[TimeControl "90 min for 40 move + 30 min with an increment of 30 sec starting move 1"]
[BlackTitle "IM"]
[WhiteFideId "1711814"]
[BlackFideId "1700103"]
[WhiteElo "1954"]
[BlackElo "2258"]

1. e4 g6 2. d4 Bg7 3. Nc3 d6 4. h3 c6 5. a4 Nd7 6. Nf3 Qc7 7. Be2 Ngf6 8. O-O O-O 9. Be3 b6 10.
b4 a6 11. Qd3 Bb7 12. Rfd1 Rfe8 13. Rac1 e5 14. dxe5 dxe5 15. Qc4 Rac8 16. Qb3 Re7 17. a5 b5 18. Rd3 c5 19. bxc5 Nxc5 20.
Bxc5 Qxc5 21. Rcd1 Bxe4 22. Rd8+ Re8 23. Rxe8+ Rxe8 24. Ng5 Bf5 25. Qxf7+ Kh8 26. Qb3 h6 27. Nf7+ Kh7 28. Nd6 Be6 29.
Qb2 Rd8 30. Nce4 Nxe4 31. Nxe4 Rxd1+ 32. Bxd1 Qc4 33. f3 Bd5 34. Qc3 Qxc3 35. Nxc3 Bc6 36. Ne4 Bf8 37. c3 Be7 38. Bb3 Bd8 39.
c4 b4 40. Nc5 Bxa5 41. Kf1 Kg7 42. Nxa6 Kf6 43. Nc5 Ke7 1/2-1/2

[Event "Veteran-SM 65+ 2025"]
[Site "Uppsala, Sweden"]
[Date "2025.06.29"]
[Round "2.2"]
[White "Marttala, Thomas"]
[Black "Haggvik, Kjell"]
[Result "1-0"]
[TimeControl "90 min for 40 move + 30 min with an increment of 30 sec starting move 1"]
[WhiteFideId "1701118"]
[BlackFideId "1776495"]
[WhiteElo "2123"]
[BlackElo "1932"]

1. e4 Nf6 2. e5 Nd5 3. d4 d6 4. Bc4 Nb6 5. Bb3 Nc6 6. exd6 exd6 7. Nf3 Be7 8. O-O O-O 9. c3 Bf5 10.
Re1 Bf6 11. Bf4 Qd7 12. Bg5 Bxg5 13. Nxg5 d5 14. Na3 Rae8 15. Qd2 h6 16. Nf3 Rxe1+ 17. Rxe1 Re8 18. Rxe8+ Qxe8 19. h3 Na5 20.
Qf4 Nxb3 21. Qxf5 Nc1 22. Qc2 Ne2+ 23. Kh2 Nf4 24. g3 Ne6 25. Kg2 Qd8 26. Qd3 c6 27. b3 Qd6 28. Nc2 Nd7 29.
Ne3 Nf6 30. b4 g6 31. Ne5 Kg7 32. N3g4 Nh5 33. Qe3 g5 34. Nxh6 Nef4+ 35. gxf4 Qxh6 36. fxg5 Qh7 37. Kh2 Qf5 38.
Qf3 Nf4 39. h4 Qe4 40. Qxe4 dxe4 41. c4 Nd3 42. Ng4 Nxb4 43. h5 Nxa2 44. h6+ Kh8 45. Kh3 a5 46. Ne5 Kg8 47. Kg4 a4 48.
Kf5 Nc3 49. Kf6 e3 50. f3 e2 51. g6 fxg6 52. Kxg6 e1=Q 53. h7+ Kf8 54. h8=Q+ Ke7 55. Qg7+ Kd6 56. Qd7# 1-0

[Event "Veteran-SM 65+ 2025"]
[Site "Uppsala, Sweden"]
[Date "2025.06.29"]
[Round "2.3"]
[White "Wedin, Svante"]
[Black "Malmdin, Nils-Ake"]
[Result "1-0"]
[TimeControl "90 min for 40 move + 30 min with an increment of 30 sec starting move 1"]
[BlackTitle "FM"]
[WhiteFideId "1711989"]
[BlackFideId "1701584"]
[WhiteElo "1864"]
[BlackElo "2103"]

1. e4 d5 2. exd5 Nf6 3. Bb5+ Bd7 4. Bc4 Bg4 5. f3 Bf5 6. Nc3 a6 7. a4 Nbd7 8. Nge2 Nb6 9. Bb3 Nbxd5 10. d4 e6 11. O-O Bd6 12. Qe1 Nb4 13. Qd1 c5 14. Bg5 c4 15. Bxc4 Bxc2 16. Qd2 Qc7 17. Bxf6 gxf6 18. b3 Bxh2+ 19. Kh1 Bd6 20. Rac1 Bg6 21. Ne4 Qe7 22. Qh6 Rg8 23. Qh4 Bxe4 24. fxe4 Rg5 25. Nf4 Bxf4 26. Qxf4 Rg6 27. d5 e5 28.
Qe3 Qd6 29. Be2 Kd7 30. Bh5 Rg5 31. Bxf7 Ke7 32. Be6 Rh5+ 33. Kg1 Rg5 34. Rc8 Rxc8 35. Bxc8 b6 36. Be6 Qc5 37. Qxc5+ bxc5 38. Rf3 h6 39. g4 h5 40.
Rh3 Rxg4+ 41. Bxg4 hxg4 42. Rh7+ Kd6 43. Rf7 1-0

[Event "Veteran-SM 65+ 2025"]
[Site "Uppsala, Sweden"]
[Date "2025.06.29"]
[Round "2.4"]
[White "Sigeman, Johan"]
[Black "Vrabec, Josip"]
[Result "1/2-1/2"]
[TimeControl "90 min for 40 move + 30 min with an increment of 30 sec starting move 1"]
[WhiteFideId "1705601"]
[BlackFideId "1714953"]
[WhiteElo "2012"]
[BlackElo "1908"]

1. c4 Nf6 2. Nc3 c5 3. Nf3 Nc6 4. d4 cxd4 5. Nxd4 Nxd4 6. Qxd4 g6 7. g3 Bg7 8. Bg2 O-O 9. O-O d6 10.
Qd2 Rb8 11. b3 Bd7 12. Bb2 Bc6 13. e4 a6 14. Rad1 Qc7 15. Rfe1 Rfd8 16. Nd5 Bxd5 17. exd5 b5 18. cxb5 axb5 19.
Rc1 Qd7 20. Rc6 Ne8 21. Bxg7 Kxg7 22. Rec1 f6 23. h4 Ra8 24. R1c2 Ra7 25. Bf1 Rb8 26. Kh2 Rab7 27. Bh3 f5 28.
Qd4+ Nf6 29. f3 h5 30. b4 Kf7 31. Bf1 Qd8 32. Re2 Nd7 33. f4 Nf6 1/2-1/2

[Event "Veteran-SM 65+ 2025"]
[Site "Uppsala, Sweden"]
[Date "2025.06.29"]
[Round "2.5"]
[White "Franchuck, Ivan"]
[Black "Ranby, Hans"]
[Result "1-0"]
[TimeControl "90 min for 40 move + 30 min with an increment of 30 sec starting move 1"]
[WhiteFideId "14140187"]
[BlackFideId "1710311"]
[WhiteElo "2006"]
[BlackElo "1868"]

1. Nf3 Nf6 2. c4 b6 3. g3 Bb7 4. Bg2 e6 5. O-O Be7 6. Nc3 O-O 7. d4 d5 8. Ne5 Nbd7 9. cxd5 Nxe5 10.
dxe5 Nxd5 11. Ne4 c5 12. Nd6 Bc6 13. a3 Qd7 14. e4 Nc7 15. Bf4 Rad8 16. Qg4 Bxd6 17. exd6 Nb5 18. e5 Bxg2 19.
Kxg2 Nd4 20. Rae1 Kh8 21. h4 Qb5 22. Bg5 Rd7 23. h5 h6 24. Bc1 Rc8 25. Qe4 Nb3 26. Bf4 Nd4 27. Bc1 Nb3 28.
Be3 Na5 29. Qc2 Nc4 30. Bc1 Qc6+ 31. f3 b5 32. Qe4 Nb6 33. Qxc6 Rxc6 34. f4 Kg8 35. g4 c4 36. Bd2 Na4 37.
Bc3 Nc5 38. Kf3 Nd3 39. Re2 Kf8 40. Rg1 Rb7 41. g5 b4 42. axb4 Nxb4 43. gxh6 gxh6 44. Reg2 Ke8 45. Rg8+ Kd7 46.
R1g7 Rcb6 47. Rxf7+ Kc6 48. Rc8+ Kb5 49. Bxb4 Rxf7 50. Bc3 Rbb7 51. Re8 Rf5 52. Rxe6 Rxh5 53. Re7 Kc6 54. Rxb7 Kxb7 55.
e6 Kc6 56. d7 Kc7 57. Ke4 a5 58. Bf6 1-0

[Event "Veteran-SM 65+ 2025"]
[Site "Uppsala, Sweden"]
[Date "2025.06.29"]
[Round "2.6"]
[White "Andersson, Anders"]
[Black "Pettersson, Lars-Ake"]
[Result "1-0"]
[TimeControl "90 min for 40 move + 30 min with an increment of 30 sec starting move 1"]
[WhiteFideId "1738259"]
[BlackFideId "1758225"]
[WhiteElo "1991"]
[BlackElo "1794"]

1. e4 c5 2. Nf3 g6 3. Nc3 Nc6 4. g3 Bg7 5. Bg2 d6 6. O-O Nf6 7. d3 O-O 8. h3 Rb8 9. a4 a6 10.
Bd2 b5 11. axb5 axb5 12. Re1 b4 13. Nd5 e6 14. Nxf6+ Bxf6 15. c3 bxc3 16. bxc3 Bd7 17. Qc2 Qc7 18. Nh2 Rfc8 19. f4 e5 20.
f5 gxf5 21. exf5 c4 22. g4 Qb6+ 23. Be3 Qb2 24. Qxb2 Rxb2 25. dxc4 Rc2 26. Rac1 Rxc1 27. Rxc1 Na5 28. c5 dxc5 29. Nf3 Nc4 30. Bh6 Bg7 31.
Bxg7 Kxg7 32. Bf1 Bc6 33. Kf2 e4 34. Bxc4 exf3 35. Rd1 Rb8 36. Bd5 Bxd5 37. Rxd5 Rc8 38. Kxf3 Rc6 39. Kf4 h6 40.
Ke5 c4 41. Kd4 Kf6 42. Rc5 Rd6+ 43. Kxc4 Rd1 44. Rd5 Rh1 45. Rd3 h5 46. gxh5 Kxf5 47. Rf3+ Ke4 48. Rxf7 Rxh3 49. Rh7 Ke5 50.
Rd7 Ke6 51. Rd5 Rh4+ 52. Kc5 Rh3 53. c4 Rh4 54. Rd6+ Ke7 55.
h6 Ke8 56. Kd5 Ke7 57. c5 Rxh6 1-0

[Event "Veteran-SM 65+ 2025"]
[Site "Uppsala, Sweden"]
[Date "2025.06.29"]
[Round "2.7"]
[White "Carlsson, Ingvar"]
[Black "Backlin, Torbjorn"]
[Result "1-0"]
[TimeControl "90 min for 40 move + 30 min with an increment of 30 sec starting move 1"]
[WhiteFideId "1702670"]
[BlackFideId "1718193"]
[WhiteElo "1987"]
[BlackElo "1710"]

1. e4 Nc6 2. Nf3 h6 3. d4 g5 4. d5 g4 5. dxc6 gxf3 6. cxd7+ Qxd7 7. Qxf3 Qd6 8. Bc4 Nf6 9. Nc3 c6 10. Bf4 e5 11. Bg3 Rg8 12. Qd3 Qe7 13. O-O-O Nd7 14. Rhf1 Nc5 15.
Qe3 h5 16. h4 Rg6 17. Kb1 Bh6 18. Qe1 Be6 19. Bxe6 Qxe6 20. Qe2 Rg4 21. Qf3 Nd7 22. Rfe1 O-O-O 23. Rd3 Nc5 24. Rxd8+ Kxd8 25.
a3 Ke7 26. b4 Nd7 27. Qd3 Kf8 28. Rd1 Nb6 29. Qd6+ Qxd6 30. Rxd6 Bg7 31. Rd8+ Ke7 32. Rb8 Nd7 33. Rxb7 Kd6 34.
Rxa7 1-0

[Event "Veteran-SM 65+ 2025"]
[Site "Uppsala, Sweden"]
[Date "2025.06.29"]
[Round "2.8"]
[White "Larsson, Borje"]
[Black "Hogberg, Thomas"]
[Result "1/2-1/2"]
[TimeControl "90 min for 40 move + 30 min with an increment of 30 sec starting move 1"]
[WhiteFideId "1717561"]
[BlackFideId "1706039"]
[WhiteElo "1862"]
[BlackElo "1979"]

1. c4 e5 2. g3 Nc6 3. Bg2 f5 4. Nc3 Nf6 5. d3 Be7 6. e3 O-O 7. Nge2 d6 8. O-O Qe8 9. Nd5 Bd8 10.
Bd2 Ne7 11. Nxe7+ Bxe7 12. Nc3 c6 13. Rb1 Be6 14. Qe2 d5 15. cxd5 Nxd5 16. Nxd5 Bxd5 17. Bxd5+ cxd5 18. f4 e4 19. d4 Qa4 20. a3 Rac8 21. Rfc1 Rc2 22. Rxc2 Qxc2 23. Qe1 Qb3 24. Qd1 Qxd1+ 25. Rxd1 Rc8 26. Rc1 Rxc1+ 27. Bxc1 b5 28. Bd2 g5 29. Be1 Kf7 30. Kf1 Kg6 31. Kg2 h5 32. Kh3 Kf7 33. Kg2 Ke6 34.
Kf1 Kd7 35. Ke2 Bd8 36. b4 g4 37. Kd1 Ke8 38. Kc2 Kf7 39. Kd1 h4 40. Ke2 h3 41. Kd1 Ke6 42. Kc2 Kd6 43. Kb3 Kc6 44.
Kb2 Kb6 45. Kc2 a5 46. Kb3 Ka6 47. Kb2 1/2-1/2

[Event "Veteran-SM 65+ 2025"]
[Site "Uppsala, Sweden"]
[Date "2025.06.30"]
[Round "3.1"]
[White "Marttala, Thomas"]
[Black "Andersson, Anders"]
[Result "1/2-1/2"]
[TimeControl "90 min for 40 move + 30 min with an increment of 30 sec starting move 1"]
[WhiteFideId "1701118"]
[BlackFideId "1738259"]
[WhiteElo "2123"]
[BlackElo "1991"]

1. Nf3 f5 2. c4 Nf6 3. g3 e6 4. Bg2 d5 5. O-O c6 6. Qc2 Bd6 7. d4 O-O 8. Bf4 Bxf4 9. gxf4 Ne4 10.
e3 Rf6 11. Nc3 Nxc3 12. Qxc3 Nd7 13. cxd5 exd5 14. Qc2 Qe8 15. h3 Qh5 16. Qd1 Rh6 17. Rc1 Qg6 18. Kh1 Nf6 19. Ne5 Qe8 20.
Kg1 Ne4 21. Kh2 Qe7 22. f3 1/2-1/2

[Event "Veteran-SM 65+ 2025"]
[Site "Uppsala, Sweden"]
[Date "2025.06.30"]
[Round "3.2"]
[White "Wedin, Svante"]
[Black "Franchuck, Ivan"]
[Result "0-1"]
[TimeControl "90 min for 40 move + 30 min with an increment of 30 sec starting move 1"]
[WhiteFideId "1711989"]
[BlackFideId "14140187"]
[WhiteElo "1864"]
[BlackElo "2006"]

1. e4 c6 2. d4 d5 3. f3 g6 4. Nc3 Bg7 5. Be3 Be6 6. Nge2 f6 7. Qd2 Bf7 8. exd5 cxd5 9. Nf4 Nc6 10.
Bb5 e6 11. Na4 Nge7 12. Nc5 Qc8 13. O-O O-O 14. Ne2 a6 15. Bd3 e5 16. c3 b6 17. Nb3 a5 18. dxe5 fxe5 19. Bxb6 a4 20.
Nbc1 a3 21. b4 e4 22. fxe4 Nxb4 23. Bd4 Nxd3 24. Qxd3 dxe4 25. Qxe4 Nf5 26. Bxg7 Kxg7 27. Nb3 Re8 28. Qf3 Qc4 29.
Ned4 Bd5 30. Nxf5+ gxf5 31. Qg3+ Kh8 32. Rae1 Be4 33. Rd1 Ra6 34. Qe3 Rg6 35. Rf2 Kg8 36. Rd4 Qc6 37. Qd2 h6 38.
Rd8 Rxd8 39. Qxd8+ Kf7 40. Nd4 Qxc3 41. Qd7+ Kg8 42. Qe8+ Kh7 43. Nf3 Qa1+ 44. Rf1 Qxa2 45. g3 Qb2 46.
Nh4 Rg7 47. Re1 Qd4+ 48. Kf1 a2 0-1

[Event "Veteran-SM 65+ 2025"]
[Site "Uppsala, Sweden"]
[Date "2025.06.30"]
[Round "3.3"]
[White "Johansson, Jan"]
[Black "Korning, Peter"]
[Result "0-1"]
[TimeControl "90 min for 40 move + 30 min with an increment of 30 sec starting move 1"]
[WhiteTitle "IM"]
[WhiteFideId "1700103"]
[BlackFideId "1723332"]
[WhiteElo "2258"]
[BlackElo "1944"]

1. d4 d5 2. Bg5 Nf6 3. e3 c5 4. Bxf6 gxf6 5. c3 Qb6 6. Qc2 Nc6 7. Nd2 cxd4 8. exd4 Bd7 9. Bd3 O-O-O 10. Ne2 Kb8 11. Qb3 Qxb3 12. Nxb3 e6 13. Ng3 h5 14. h4 Be7 15. Be2 Rh7 16. Nxh5 Rdh8 17. g4 f5 18. Ng3 fxg4 19.
Bxg4 Rxh4 20. Rxh4 Rxh4 21. Bf3 Kc7 22. Ke2 Bd6 23. Rg1 Ne7 24. Ke1 Ng6 25. Nh5 Nf4 26. Nxf4 Rxf4 27. Be2 Be7 28.
Nc1 f6 29. Rg7 Kd6 30. Nd3 Rh4 31. Kd2 b6 32. Ne1 Be8 33. Rg8 Bc6 34. Bf3 Rh6 35. Nd3 a5 36. Nf4 f5 37. Ke1 Bf6 38.
Rb8 Kc7 39. Rf8 Kd6 40. Nh5 Be7 41. Rb8 Kc7 42. Rg8 Kd6 43. Kd2 Rh7 44. Rg6 Be8 45. Rg7 Rxh5 46. Bxh5 Bxh5 47. Rg8 Bf7 48.
Rh8 Bf6 49. Rb8 Kc7 50. Rf8 Bg5+ 51. Kd3 Bh5 52. Rg8 Bf4 53. Rg7+ Kd8 54. Rg8+ Be8 55. Rg7 Bd7 56. Rg8+ Kc7 57.
Rg7 Bd6 58. Rg8 Kc6 59. Rg6 Bc7 60. Rh6 Kd6 61. Rh8 Bc6 62. Rh6 Bb5+ 63. Kd2 Bc6 64. Rg6 b5 65. Rg8 b4 66. Rh8 Bb5 67.
Rg8 bxc3+ 68. bxc3 Bc6 69. Kc2 a4 70. Rg7 Bb6 71. Rg8 Bc7 72. Kb2 Ba5 73. Rg7 Bd7 74. Rg8 e5 75. Ra8 Bc7 76.
Ra6+ Ke7 77. Ra7 Bd6 78. Ra5 Ke6 79. c4 dxc4 80. d5+ Ke7 81. Kc3 e4 82. Kxc4 Be5 83. Ra6 f4 84. Rh6 e3 85.
fxe3 f3 0-1

[Event "Veteran-SM 65+ 2025"]
[Site "Uppsala, Sweden"]
[Date "2025.06.30"]
[Round "3.4"]
[White "Green, Per"]
[Black "Sigeman, Johan"]
[Result "0-1"]
[TimeControl "90 min for 40 move + 30 min with an increment of 30 sec starting move 1"]
[WhiteFideId "1703811"]
[BlackFideId "1705601"]
[WhiteElo "1954"]
[BlackElo "2012"]

1. c4 e6 2. g3 d5 3. Bg2 d4 4. Nf3 c5 5. e3 Nc6 6. exd4 cxd4 7. d3 Nf6 8. O-O Bd6 9. Nbd2 O-O 10.
Ng5 e5 11. Nde4 Bc7 12. Nxf6+ Qxf6 13. a3 a5 14. b3 h6 15. Ne4 Qe7 16. Re1 f5 17. Nd2 Qf6 18. Rb1 Bd7 19. Bd5+ Kh8 20.
Qf3 e4 21. dxe4 Ne5 22. Qg2 f4 23. f3 fxg3 24. hxg3 Nxf3+ 25. Nxf3 Qxf3 26. e5 Qf5 27. Bf4 Rae8 28. Be4 Qh5 29.
Bxb7 Bxe5 30. Bxe5 Rxe5 31. Rxe5 Qxe5 32. Rf1 Qe3+ 33. Kh2 Rf5 34. Rxf5 Bxf5 35. c5 d3 36. Bf3 Qxc5 37. g4 Bg6 38.
b4 axb4 39. axb4 Qxb4 40. Bd1 Qf4+ 41. Kg1 Qe3+ 42. Kh2 Qf4+ 43. Kg1 Be4 44. Qh3 Qd2 45. Qf1 Kh7 46. Bb3 Qe3+ 0-1

[Event "Veteran-SM 65+ 2025"]
[Site "Uppsala, Sweden"]
[Date "2025.06.30"]
[Round "3.5"]
[White "Larsson, Per-Olov"]
[Black "Carlsson, Ingvar"]
[Result "1/2-1/2"]
[TimeControl "90 min for 40 move + 30 min with an increment of 30 sec starting move 1"]
[WhiteFideId "1717774"]
[BlackFideId "1702670"]
[WhiteElo "1914"]
[BlackElo "1987"]

1. e4 e6 2. d4 d5 3. Nc3 Nf6 4. Bg5 Bb4 5. e5 h6 6. Bd2 Bxc3 7. bxc3 Ne4 8. Qg4 g6 9. Bd3 Nxd2 10.
Kxd2 c5 11. Nf3 c4 12. Be2 Bd7 13. h4 Qe7 14. Rhb1 Bc6 15. Qf4 Nd7 16. Nh2 O-O-O 17. Nf3 f5 18. g4 Qa3 19. g5 h5 20.
Bd1 Nb6 21. Ng1 Na4 22. Ne2 Rhf8 23. Qe3 Bd7 24. f4 a5 25. Ke1 Kc7 26. Qc1 Qxc1 1/2-1/2

[Event "Veteran-SM 65+ 2025"]
[Site "Uppsala, Sweden"]
[Date "2025.06.30"]
[Round "3.6"]
[White "Vrabec, Josip"]
[Black "Magnussen, Pal"]
[Result "0-1"]
[TimeControl "90 min for 40 move + 30 min with an increment of 30 sec starting move 1"]
[WhiteFideId "1714953"]
[BlackFideId "1711814"]
[WhiteElo "1908"]
[BlackElo "1954"]

1. e4 e5 2. Nf3 Nc6 3. Bb5 f5 4.
exf5 e4 5. Qe2 Qe7 6. Bxc6 bxc6 7. Nd4 c5 8. Nb3 d5 9. Nc3 Nf6 10. d3 exd3 11. Qxe7+ Bxe7 12. cxd3 Bxf5 13. d4 c4 14.
Nd2 Bd3 15. Nf3 c5 16. Bg5 cxd4 17. Bxf6 Bxf6 18. Nxd5 Rd8 19. Nxf6+ gxf6 20. O-O-O Kf7 21. Rhe1 Rhg8 22. g3 Rd7 23.
b3 Rc8 24. bxc4 Rxc4+ 25. Kd2 Bf5 26. Rc1 Ra4 27. Ra1 Rb7 28. Rec1 Be4 29. Ng1 Rb2+ 30. Ke1 d3 31. Rd1 Raxa2 32. Rxa2 Rxa2 33. f3 Bg6 34. Rd2 Ra1+ 35. Kf2 a5 36. Nh3 Rh1 37. Kg2 Rc1 38. Kf2 Rc2 39. Ke3 a4 40. Nf4 Rxd2 41.
Kxd2 a3 0-1

[Event "Veteran-SM 65+ 2025"]
[Site "Uppsala, Sweden"]
[Date "2025.06.30"]
[Round "3.8"]
[White "Hogberg, Thomas"]
[Black "Ranby, Hans"]
[Result "1-0"]
[TimeControl "90 min for 40 move + 30 min with an increment of 30 sec starting move 1"]
[WhiteFideId "1706039"]
[BlackFideId "1710311"]
[WhiteElo "1979"]
[BlackElo "1868"]

1. Nc3 c5 2. Nf3 Nc6 3. d4 cxd4 4. Nxd4 g6 5. Bg5 Bg7 6. Ndb5 Nf6 7. e3 O-O 8. Be2 d6 9. Qd2 Be6 10.
h4 a6 11. Nd4 Nxd4 12. exd4 b5 13. a3 Rc8 14. Bh6 Nd5 15. Ne4 Qb6 16. c3 a5 17.
h5 b4 18. hxg6 fxg6 19. Bxg7 Kxg7 20. Qh6+ Kf7 21. Ng5+ Kf6 22. Nxh7+ Kf7 23. Ng5+ Kf6 24. Nxe6 Kxe6 25. Bg4+ Kf6 26. Rh3 e5 27. Rf3+ Nf4 28. Bxc8 Rxc8 29. g3 bxc3 30.
gxf4 cxb2 31. fxe5+ Ke6 32. Qxg6+ Kd7 33. Rf7+ Kc6 34. Qe4+ Kb5 35. Qd3+ Ka4 36. Qd1+ 1-0

[Event "Veteran-SM 65+ 2025"]
[Site "Uppsala, Sweden"]
[Date "2025.07.01"]
[Round "4.1"]
[White "Sigeman, Johan"]
[Black "Franchuck, Ivan"]
[Result "1-0"]
[TimeControl "90 min for 40 move + 30 min with an increment of 30 sec starting move 1"]
[WhiteFideId "1705601"]
[BlackFideId "14140187"]
[WhiteElo "2012"]
[BlackElo "2006"]

1. d4 Nf6 2. Nf3 g6 3. g3 Bg7 4. Bg2 d6 5. O-O Nbd7 6. c4 O-O 7. Nc3 e5 8. e4 Re8 9. Re1 exd4 10.
Nxd4 Nc5 11. h3 a5 12. Rb1 c6 13. Nc2 Be6 14. Ne3 Qd7 15. Kh2 Rad8 16. Qc2 Qc7 17. b3 h5 18. Ba3 h4 19.
Nf1 hxg3+ 20. fxg3 Ncd7 21. Ne2 Ne5 22. Nf4 Bc8 23. Bb2 Nh7 24. Ne3 Ng5 25. Rf1 Qe7 26. Rbe1 Bf6 27. Nfd5 cxd5 28.
Nxd5 Qe6 29. Rxf6 Nef3+ 30. Kh1 Nxe1 31. Qd2 Nxe4 32. Qh6 Nxg3+ 33. Kh2 Qe5 34. Bxe5 Rxe5 35. Kxg3 Nxg2 36. Kxg2 b5 37.
Rf3 Rxd5 38. cxd5 Bf5 39. Rxf5 1-0